AoeStats
← Nopec

Black Forest

506609091Analyzed
4v4 RM · 18d ago on Sep 14, 2026· 22m 18s· 8 players
Game mode
Random Map
Map size
Large (8 player)
Population
200
Speed
Normal
Resources
Standard
Victory
Conquest
Starting age
Dark Age
Ending age
Imperial Age
RankedLock teamsTeams togetherTeam positionsShared explorationLock speedFull tech treeHidden civsTurbo modeCheats
Victory
Defeat
🇷🇺 Celts · Russia
729
+18
🇫🇷 Teutons · France
729
+18
🇨🇦 Maya · Canada
708
+19
🇻🇳 Maya · Vietnam
616
+22
857
-23
🇩🇪 Persians · Germany
801
-21
🇫🇷 Franks · France
754
-19
🇪🇸 Celts · Spain
648
-14
KSroido
0:28 Loom
12:24 Feudal Age
18:06 Castle Age
18:45 Scale Barding Armor
Cinderella913
14:00 Feudal Age
14:33 Double-Bit Axe
14:29 Horse Collar
20:39 Castle Age
19:53 Stone Mining
19:56 Gold Mining
Tie
1:15 Loom
11:55 Feudal Age
13:39 Double-Bit Axe
16:50 Horse Collar
20:29 Castle Age
19:07 Wheelbarrow
18:37 Gold Mining
21:54 Bow Saw
Hannibal Barca
0:52 Loom
15:32 Feudal Age
15:58 Double-Bit Axe
15:56 Horse Collar
16:53 Wheelbarrow
16:12 Gold Mining
17:15 Stone Mining
21:30 Town Watch
Nopec
2:48 Loom
12:25 Feudal Age
14:19 Horse Collar
14:30 Double-Bit Axe
21:02 Wheelbarrow
23:28 Castle Age
Juan Carlos Bodoque
0:30 Loom
14:35 Feudal Age
14:59 Horse Collar
15:11 Double-Bit Axe
15:18 Town Watch
17:12 Wheelbarrow
17:16 Gold Mining
21:26 Stone Mining
21:54 Fletching
22:04 Padded Archer Armor
Daoiz1802
11:40 Feudal Age
12:47 Double-Bit Axe
18:06 Castle Age
16:20 Gold Mining
16:37 Horse Collar
17:19 Stone Mining
it_s_now
1:36 Loom
14:57 Feudal Age
18:40 Castle Age
17:10 Double-Bit Axe
19:49 Wheelbarrow
20:16 Bow Saw
Connection lost

Rejoining the realm…

Still unreachable

The connection could not be restored.

Session expired

The server has moved on; the page needs a fresh start.